AoeStats
← [KMNB] Bandeira

Lombardia

508478421Analyzed
4v4 RM · 11d ago on Sep 22, 2026· 50m 38s· 8 players
Game mode
Random Map
Map size
Large (8 player)
Population
200
Speed
Normal
Resources
Standard
Victory
Conquest
Starting age
Dark Age
Ending age
Imperial Age
RankedLock teamsTeams togetherTeam positionsShared explorationLock speedFull tech treeHidden civsTurbo modeCheats
Victory
Defeat
🇧🇷 Varangians · Brazil
1590
+12
🇧🇷 Danes · Brazil
1536
+15
🇧🇷 Magyars · Brazil
1532
+15
🇧🇷 Berbers · Brazil
1486
+17
🇳🇱 Saxons · Netherlands
1600
-19
🇲🇩 Franks · Moldova
1504
-15
🇨🇱 Khitans · Chile
1475
-13
🇳🇱 Dravidians · Netherlands
1449
-12
Mony
7:15 Loom
10:23 Feudal Age
11:12 Double-Bit Axe
16:07 Scale Barding Armor
17:48 Forging
22:10 Castle Age
23:07 Husbandry
22:29 Light Cavalry
27:28 Chain Barding Armor
27:47 Wheelbarrow
32:10 Hand Cart
35:00 Imperial Age
33:35 Bow Saw
35:14 Iron Casting
35:00 Gold Mining
36:17 Plate Barding Armor
35:04 Cavalier
37:55 Paladin
40:50 Fletching
42:00 Blast Furnace
45:55 Bodkin Arrow
46:50 Padded Archer Armor
47:32 Caravan
VanillaCoke
7:50 Loom
10:10 Feudal Age
11:08 Double-Bit Axe
17:01 Fletching
19:28 Padded Archer Armor
21:08 Horse Collar
26:38 Castle Age
26:40 Crossbowman
27:17 Bodkin Arrow
27:41 Thumb Ring
29:32 Ballistics
33:31 Leather Archer Armor
33:18 Stone Mining
38:20 Wheelbarrow
38:04 Gold Mining
42:07 Imperial Age
42:32 Arbalester
43:21 Bracer
45:09 Conscription
46:42 Ring Archer Armor
_Mewtwo
5:55 Loom
8:58 Feudal Age
10:13 Double-Bit Axe
14:10 Forging
15:41 Scale Barding Armor
15:24 Domestication
24:18 Castle Age
23:15 Gold Mining
23:16 Stone Mining
24:23 Light Cavalry
25:39 Wheelbarrow
25:16 Bow Saw
25:43 Iron Casting
25:56 Husbandry
27:09 Chain Barding Armor
37:51 Imperial Age
36:47 Hand Cart
37:55 Elite Steppe Lancer
39:08 Scale Mail Armor
39:44 Plate Barding Armor
49:17 Heavy Camel Rider
Komkommersla
11:04 Feudal Age
9:32 Loom
11:27 Feudal Age
17:02 Castle Age
15:44 Scale Mail Armor
15:54 Double-Bit Axe
34:47 Wheelbarrow
34:49 Bow Saw
35:33 Chain Mail Armor
36:42 Forging
47:52 Hand Cart
47:23 Horse Collar
48:23 Squires
49:13 Pikeman
[KMNB] Galodoido
7:44 Loom
9:58 Feudal Age
10:00 Man-at-Arms
10:26 Double-Bit Axe
12:53 Forging
19:50 Wheelbarrow
22:34 Castle Age
21:16 Horse Collar
21:27 Gold Mining
22:53 Pikeman
23:33 Squires
23:20 Gambesons
24:12 Iron Casting
24:16 Scale Mail Armor
26:45 Bow Saw
28:58 Hand Cart
29:29 Heavy Plow
32:35 Chain Mail Armor
32:31 Stone Mining
34:22 Stone Shaft Mining
34:23 Gold Shaft Mining
34:15 Long Swordsman
36:26 Arson
40:20 Imperial Age
37:38 Town Watch
38:41 Town Patrol
41:34 Ballistics
42:15 Chemistry
41:06 Fletching
41:16 Padded Archer Armor
41:22 Scale Barding Armor
42:18 Blast Furnace
41:50 Plate Mail Armor
40:42 Elite Varangian Guard
40:42 Two-Handed Swordsman
41:10 Halberdier
43:17 Hamask
44:20 Conscription
44:31 Cranequins
46:01 Murder Holes
47:16 Heavy Mounted Crossbowman
48:37 Masonry
49:59 Chain Barding Armor
49:41 Husbandry
49:52 Bloodlines
51:04 Bodkin Arrow
51:17 Thumb Ring
[KMNB] Bandeira
7:08 Loom
9:36 Feudal Age
10:37 Double-Bit Axe
22:31 Castle Age
20:33 Horse Collar
21:17 Scale Barding Armor
23:10 Bloodlines
23:19 Husbandry
22:50 Light Cavalry
24:35 Chain Barding Armor
29:47 Gold Mining
35:09 Wheelbarrow
40:34 Imperial Age
38:47 Bow Saw
38:39 Heavy Plow
39:04 Hand Cart
40:50 Cavalier
43:01 Stone Mining
45:45 Plate Barding Armor
45:33 Conscription
45:23 Paladin
48:34 Caravan
48:40 Hussar
Fs.Khronos
9:27 Feudal Age
9:51 Loom
10:02 Double-Bit Axe
12:25 Fletching
14:34 Padded Archer Armor
23:13 Castle Age
21:39 Horse Collar
23:12 Gold Mining
24:00 Wheelbarrow
24:05 Bow Saw
23:54 Bodkin Arrow
23:43 Crossbowman
26:11 Leather Archer Armor
29:40 Ballistics
30:41 Husbandry
30:52 Bloodlines
32:52 Heavy Plow
38:28 Imperial Age
36:14 Hand Cart
38:42 Scale Barding Armor
38:48 Forging
38:26 Town Watch
38:46 Stone Mining
38:37 Cranequins
39:23 Bracer
40:26 Chemistry
39:47 Heavy Mounted Crossbowman
41:38 Ring Archer Armor
44:48 Conscription
46:15 Coinage
46:45 Caravan
47:11 Chain Barding Armor
47:02 Forging
48:57 Banking
[KMNB] Dedão
7:19 Loom
9:49 Feudal Age
10:31 Double-Bit Axe
11:27 Horse Collar
13:58 Wheelbarrow
14:11 Forging
15:06 Bloodlines
20:55 Castle Age
19:40 Gold Mining
20:04 Stone Mining
20:36 Fletching
21:22 Padded Archer Armor
21:51 Husbandry
21:49 Bodkin Arrow
22:22 Bow Saw
24:48 Heavy Plow
25:26 Stone Shaft Mining
27:26 Ballistics
30:48 Hand Cart
30:19 Town Watch
31:16 Gold Shaft Mining
35:12 Imperial Age
33:34 Leather Archer Armor
34:47 Thumb Ring
34:14 Light Cavalry
35:06 Town Patrol
35:17 Elite Camel Archer
36:18 Conscription
37:07 Chemistry
36:16 Bracer
37:32 Maghrebi Camels
38:41 Ring Archer Armor
40:54 Caravan
41:25 Coinage
43:12 Scale Barding Armor
43:43 Iron Casting
43:23 Hussar
45:30 Banking
46:08 Chain Barding Armor
46:48 Blast Furnace
Connection lost

Rejoining the realm…

Still unreachable

The connection could not be restored.

Session expired

The server has moved on; the page needs a fresh start.